 Dungeon Sprint DCSS version 0.24.0-1-gfbc8707 (webtiles) character file.

Game seed: 1403018604840471354, levelgen mode: deterministic

777 Fang the Fighter (level 7, -7/52 HPs)
             Began as a Gargoyle Berserker on Nov 8, 2019.
             Was a Priest of Trog.
             Mangled by a death cob (12 damage)
             ... in the Dungeon (Sprint V: "Ziggurat Sprint").
             The game lasted 00:00:43 (292 turns).

Fang the Fighter (Gargoyle Berserker)                Turns: 292, Time: 00:00:44

Health: -7/52      AC: 32    Str: 34    XL:     7   Next: 84%
Magic:  7/7        EV:  4    Int:  8    God:    Trog [***...]
Gold:   0          SH: 30    Dex:  9    Spells: 6/6 levels left

rFire    . . .     SeeInvis .   a - +5 broad axe
rCold    . . .     Gourm    .   E - +18 shield of the Gong {rElec rN+ MR+ EV-5}
rNeg     + + .     Faith    .   b - +15 Maxwell's patent armour {-Cast -Tele rElec MR+ rCorr}
rPois    ∞         Spirit   .   (no helmet)
rElec    +         Reflect  .   (no cloak)
rCorr    +         Harm     .   (no gloves)
MR       ++...     NoTele   +   (no boots) Stlth ..........NoCast +
                                (no amulet)
HPRegen  0.17/turn              C - +6 ring of strength
MPRegen  0.10/turn              D - +6 ring of strength

@: berserk cooldown, slowed, very slow
A: negative energy resistance 1, electricity resistance, unbreathing,
petrification resistance, rot immunity, AC +4
a: Berserk, Trog's Hand, Renounce Religion


You were in the Dungeon.
You worshipped Trog.
Trog was most pleased with you.
You were not hungry.

You visited 1 branch

Inventory:

Hand Weapons
 a - a +5 broad axe (weapon)
Armour
 b - the +15 Maxwell's patent armour (worn) {-Cast -Tele rElec MR+ rCorr}
   (You found it in the Dungeon)

   It insulates you from electricity.
   It affects your resistance to hostile enchantments.
   It prevents spellcasting.
   It prevents most forms of teleportation.
   It provides partial protection from all sources of acid and corrosion.
 E - the +18 shield of the Gong (worn) {rElec rN+ MR+ EV-5}
   (You found it in the Dungeon)

   It affects your evasion (-5).
   It insulates you from electricity.
   It protects you from negative energy.
   It affects your resistance to hostile enchantments.
Jewellery
 o - the cursed ring "Qogun" {rElec rN+ Str-3 Dex-4 Stlth+}
   (You found it in the Dungeon)

   [ring of strength]

   It affects your strength (-3).
   It affects your dexterity (-4).
   It insulates you from electricity.
   It protects you from negative energy.
   It makes you more stealthy.
   It has a curse placed upon it.
 C - a +6 ring of strength (left hand)
 D - a +6 ring of strength (right hand)
Wands
 u - a wand of disintegration (7)
 v - a wand of iceblast (7)
 w - a wand of acid (7)
Scrolls
 i - 4 scrolls of blinking
 j - 7 scrolls of fog
 k - a scroll of holy word
 l - 5 scrolls of identify
 m - 5 scrolls of remove curse
 n - 2 scrolls of fear
Potions
 d - 10 potions of curing
 e - 10 potions of heal wounds
 f - 6 potions of haste
 h - 3 potions of berserk rage
 p - 2 potions of invisibility
 q - 4 potions of resistance
 r - a potion of experience
 s - 5 potions of agility
 t - 5 potions of might
Comestibles
 c - 7 rations


   Skills:
 * Level 9.7 Fighting
 * Level 8.2 Axes
 + Level 6.8 Armour
 + Level 5.0 Dodging
 * Level 9.1 Shields


You had 6 spell levels left.
You didn't know any spells.
Your spell library was empty.

Dungeon Overview and Level Annotations

Branches:
Dungeon (1/1)

Altars:
Ashenzari
Cheibriados
Dithmenos
Elyvilon
Fedhas
Gozag
Hepliaklqana
Kikubaaqudgha
Makhleb
Nemelex Xobeh
Okawaru
Qazlal
Ru
Sif Muna
Trog
Uskayaw
Vehumet
Wu Jian
Xom
Yredelemnul
Zin
The Shining One
Beogh
Jiyva
Lugonu

Annotations:
D 1 transporter


Innate Abilities, Weirdness & Mutations

You are resistant to torment.
Your stone body is resilient. (AC +4)
You are immune to poison.
You resist negative energy. (rN+)
You are resistant to electric shocks. (rElec)
You can survive without breathing.
You are immune to petrification.
You are immune to rotting.


Message History

The draconian barely misses you. The death cob hits you!
* * * LOW HITPOINT WARNING * * *
The draconian hits you with a +0 dagger.
* * * LOW HITPOINT WARNING * * *
You block the draconian's attack.
GONNNNG!
All of the chunks of flesh in your inventory have rotted away.
You slash the death cob!
The death cob is severely damaged.
You closely miss the draconian. You block the death cob's attack.
BONNNG!
You block the death cob's attack.
GONNNNG!
The death cob completely misses you. You block the death cob's attack.
BOUMMMMG!
You block the draconian's attack.
GONNNNG!
The draconian hits you but does no damage.
The death cob hits you!
You die...

▓▓▓▓▓▓▓▓▓▓▓▓▓▓▓▓▓▓▓
▓.8©8.▓.8©8.▓.8©8.▓
▓.=.:.▓..)).▓.....▓
▓..[..▓.....▓.).|.▓
▓.....▓.....▓.....▓
▓...d.▓.....▓..÷..▓
▓.)zd.▓.....▓..©..▓
▓..@..▓..©..▓▓▓▓▓▓▓
▓▓▓▓▓▓▓▓▓▓▓▓▓


You could see a death cob and 2 draconians.

Vanquished Creatures
  A draconian (D)
  A slime creature (D)
  An eye of draining (D)
  A black bear (D)
  A wolf (D)
  An ooze (D)
6 creatures vanquished.

Vanquished Creatures (others)
  3 spatial maelstroms (D)
3 creatures vanquished.

Grand Total: 9 creatures vanquished

Notes
Turn   | Place    | Note
-------+----------+-------------------------------------------
     0 | D        | Fang the Gargoyle Berserker began the quest for the Orb.
     0 | D        | Reached XP level 1. HP: 14/14 MP: 1/1
     0 | D        | Found a blossoming altar of Fedhas.
     0 | D        | Banished a spatial maelstrom
     0 | D        | Banished a spatial maelstrom
     1 | D        | Found the +6 Majin-Bo {vamp, Archmagi MP+6 Int+6}
     1 | D        | Found the +7 great mace "Firestarter" {inner flame, rF++}
     1 | D        | Found a transporter.
     1 | D        | Found a viscous altar of Jiyva.
     1 | D        | Found an ancient bone altar of Kikubaaqudgha.
     1 | D        | Found a hazy altar of Hepliaklqana.
     1 | D        | Found a corrupted altar of Lugonu.
     1 | D        | Found an opulent altar of Gozag.
     1 | D        | Found a burning altar of Makhleb.
     8 | D        | Banished a spatial maelstrom
    19 | D        | Found a stormy altar of Qazlal.
    19 | D        | Found an iron altar of Okawaru.
    19 | D        | Found a sacrificial altar of Ru.
    19 | D        | Found a sparkling altar of Nemelex Xobeh.
    19 | D        | Found a shimmering blue altar of Sif Muna.
    19 | D        | Found a bloodstained altar of Trog.
    26 | D        | Found the +9 heavy crossbow "Sniper" {velocity, Acc+∞ SInv}
    26 | D        | Found the +10 dark maul {crush}
    26 | D        | Found the +15 Maxwell's patent armour {-Cast -Tele rElec
                  | MR+ rCorr}
    26 | D        | Found the +18 shield of the Gong {rElec rN+ MR+ EV-5}
    26 | D        | Found the cursed +14 obsidian axe {chop, +Fly SInv *Curse}
    77 | D        | Entered arena 2.
    77 | D        | Noticed a black bear
    77 | D        | Noticed a wolf
    77 | D        | Found a transporter.
    80 | D        | Killed a black bear
    80 | D        | Reached skill level 5 in Fighting
    80 | D        | Reached XP level 2. HP: 22/22 MP: 2/2
    80 | D        | Reached XP level 3. HP: 27/27 MP: 3/3
    80 | D        | Reached XP level 4. HP: 32/32 MP: 4/4
    82 | D        | Killed a wolf
    82 | D        | Reached skill level 5 in Axes
    82 | D        | Reached skill level 5 in Shields
    82 | D        | Reached XP level 5. HP: 37/37 MP: 5/5
   227 | D        | Entered arena 3.
   227 | D        | Noticed an eye of draining
   227 | D        | Noticed a slime creature
   227 | D        | Found a transporter.
   230 | D        | Reached ** piety under Trog
   236 | D        | Killed an eye of draining
   236 | D        | Reached skill level 5 in Armour
   236 | D        | Reached XP level 6. HP: 44/44 MP: 2/6
   240 | D        | Killed a slime creature
   240 | D        | Reached XP level 7. HP: 46/50 MP: 3/7
   244 | D        | Got the cursed ring "Qogun" {rElec rN+ Str-3 Dex-4 Stlth+}
   276 | D        | Entered arena 4.
   276 | D        | Noticed a death cob
   276 | D        | Noticed a draconian
   276 | D        | Noticed a draconian
   276 | D        | Noticed a draconian
   276 | D        | Found a transporter.
   288 | D        | Killed a draconian
   288 | D        | Reached *** piety under Trog
   288 | D        | Reached skill level 5 in Dodging
   292 | D        | Mangled by a death cob

Levels and vault maps discovered:
D:        sprint_v [room_start, room_1, room_2, room_3, room_4, room_5, room_6,
          room_7, room_8, room_9, room_10, room_11, room_12, room_13, room_14,
          room_15, room_16, room_17, room_18, room_19, room_20, room_21,
          room_22, room_23, room_24, room_25, room_26, room_27]

Skill      XL: |  1  2  3  4  5  6  7 |
---------------+----------------------+-----
Fighting       | 5 6 7 8 9 |  9.7
Axes           | 4 5 6 7 8 |  8.2
Armour         | 3 4 5 6 |  6.8
Dodging        | 2 3 4 5 |  5.0
Shields        | 4 5 6 7 9 |  9.1

Action                   |  1- 3 |  4- 6 |  7- 9 || total
-------------------------+-------+-------+-------++-------
Melee: Broad axe         |     2 |    13 |    15 ||    30
Invok: Berserk           |     1 |       |     1 ||     2
Armor: Plate armour      |     4 |       |    22 ||    26
Dodge: Dodged            |       |       |     7 ||     7
Block: Shield            |     3 |    18 |    43 ||    64
